 Dungeon Crawl Stone Soup version 0.30-a0-793-g160f7cfddd (webtiles) character file.

Game seed: 12312386409138779104

542 Monkooky the Cutter (level 7, 0/41 HPs)
             Began as a Tengu Delver on Feb 20, 2023.
             Was a Believer of Vehumet.
             Slain by an ogre
             ... wielding a +0 giant club
              (31 damage)
             ... on level 4 of the Dungeon.
             The game lasted 00:08:37 (2904 turns).

Monkooky the Cutter (Tengu Delver)                  Turns: 2904, Time: 00:08:37

Health: 0/41       AC:  5    Str: 12    XL:     7   Next: 27%
Magic:  8/8        EV: 13    Int: 13    God:    Vehumet [**....]
Gold:   90         SH:  0    Dex: 15    Spells: 4/6 levels left

rFire   . . .      SeeInvis .    a - +0 short sword
rCold   . . .      Faith    .    (no shield)
rNeg    . . .      Spirit   .    i - +0 ring mail
rPois   .          Reflect  .    (helmet restricted)
rElec   .          Harm     .    (no cloak)
rCorr   .          Rampage  .    (no gloves)
Will    .....                    (boots unavailable)
Stlth   ++                       (no amulet)
HPRegen 0.26/turn                (no ring)
MPRegen 0.11/turn                (no ring)

@: flying quickly and evasively, quick
A: beak, talons 3, nimble flight
a: Renounce Religion


You were on level 4 of the Dungeon.
You worshipped Vehumet.
Vehumet was pleased with you.
You visited 1 branch of the dungeon, and saw 5 of its levels.

You collected 90 gold pieces.

Inventory:

Hand Weapons
 a - a +0 short sword (weapon)
 v - a +0 dagger
 w - a +0 longbow
 y - a +0 sling
Armour
 b - a +0 leather armour
 i - a +0 ring mail (worn)
 j - a +0 robe
 A - an orb of energy
Jewellery
 r - a +5 ring of evasion
Wands
 g - a wand of digging (3)
Scrolls
 c - 2 scrolls of fog
 d - 3 scrolls of magic mapping
 e - a scroll of fear
 l - 4 scrolls of identify {unknown}
 o - a scroll of silence {unknown}
 p - a scroll of vulnerability {unknown}
 q - 3 scrolls of teleportation {unknown}
 t - a scroll of noise {unknown}
Potions
 f - 2 potions of haste
 h - a potion of attraction {unknown}
 k - 2 potions of cancellation {unknown}
 m - 4 potions of degeneration {unknown}
 n - a potion of brilliance {unknown}
 s - 2 potions of curing {unknown}
 u - 3 potions of heal wounds {unknown}
 x - a potion of berserk rage {unknown}
 z - 3 potions of lignification {unknown}


   Skills:
 - Level 3.1 Fighting
 - Level 6.1 Short Blades
 - Level 2.8 Ranged Weapons
 - Level 2.4 Dodging
 - Level 5.1 Stealth
 * Level 3.4 Conjurations
 * Level 3.4 Air Magic


You had 4 spell levels left.
You knew the following spells:

 Your Spells              Type           Power      Damage    Failure   Level
a - Static Discharge      Conj/Air       16%        2-3/arc   26%         2

Your spell library contained the following spells:

 Spells                   Type           Power      Damage    Failure   Level


Dungeon Overview and Level Annotations

Branches:
Dungeon (5/15)             Temple (0/1) D:4

Altars:
Vehumet

Annotations:
D:4 2 transporters


Innate Abilities, Weirdness & Mutations

You have a beak for a mouth.
You have claws for feet.
Your magical nature lets you fly swiftly and evasively.


Message History

The ogre is heavily wounded.
The ogre is no longer blind.
The ogre hits you with a +0 giant club!!
Throw: dart (atropa)
Press: ? - help, Q - select action, (/) - cycle Shift-Dir - straight line, f/p - ogre
Aim: an ogre, wielding a +0 giant club (heavily wounded, 74% to hit, chance to blind on hit: 63%)
You throw an atropa-tipped dart. The atropa-tipped dart hits the ogre.
The ogre resists.
The ogre is heavily wounded.
You see here an atropa-tipped dart.
You see here an atropa-tipped dart.
B - an atropa-tipped dart You see here an atropa-tipped dart.
Throw: dart (atropa)
Press: ? - help, Q - select action, (/) - cycle Shift-Dir - straight line, f/p - ogre
Aim: an ogre, wielding a +0 giant club (moderately wounded, 74% to hit, chance to blind on hit: 58%)
You throw an atropa-tipped dart. The atropa-tipped dart hits the ogre.
The ogre appears confused.
The ogre is moderately wounded.
B - an atropa-tipped dart The ogre seems less confused.
You see here an atropa-tipped dart.
B - 2 atropa-tipped darts (gained 1)
The ogre is no longer blind.
Throw: 2 darts (atropa)
Press: ? - help, Q - select action, (/) - cycle Shift-Dir - straight line, f/p - ogre
Aim: an ogre, wielding a +0 giant club (moderately wounded, 74% to hit, chance to blind on hit: 58%)
You throw an atropa-tipped dart. The atropa-tipped dart hits the ogre.
The ogre resists.
The ogre is moderately wounded.
The ogre closely misses you.
Throw: dart (atropa)
Press: ? - help, Q - select action, (/) - cycle Shift-Dir - straight line, f/p - ogre
Aim: an ogre, wielding a +0 giant club (moderately wounded, 74% to hit, chance to blind on hit: 58%)
You throw an atropa-tipped dart. The atropa-tipped dart hits the ogre.
The ogre resists.
The ogre is moderately wounded.
The ogre hits you with a +0 giant club!!
Ouch! That really hurt!
You die...

.###.....####..###.#
...................#
##......#..........#
##....###..........#
##.#..###..........#
##.#...##..........#
##.##..............#
##.###.........O...#
##+####.........@..#
#........>.........#
#....####..........#
#....# ############
#....# #....# ##'#.#
##.#.# ##.#.#


You could see an ogre.

Vanquished Creatures
  Grinder (D:4)
  A scorpion (D:3)
  2 jellies
  2 hounds (D:4)
  Terence (D:2)
  3 gnolls (D:2)
  2 adders
  A worm (D:2)
  3 dart slugs
  3 orcs (D:4)
  5 endoplasms
  6 giant cockroaches
  3 goblins
  10 hobgoblins
  8 kobolds
  5 quokkas
  7 ball pythons
  4 bats
  4 frilled lizards
  6 rats
77 creatures vanquished.

Notes
Turn   | Place    | Note
-------+----------+-------------------------------------------
     0 | D:5      | Monkooky the Tengu Delver began the quest for the Orb.
     0 | D:5      | Reached XP level 1. HP: 14/14 MP: 2/2
    10 | D:5      | Noticed an iguana
    24 | D:5      | Noticed a necrophage
    84 | D:4      | Found a transporter.
    88 | D:4      | Noticed an orc priest
    89 | D:4      | Noticed an orc priest
   131 | D:4      | Noticed a hound
   139 | D:4      | Found a transporter.
   163 | D:4      | Found a staircase to the Ecumenical Temple.
   164 | D:4      | Noticed an ogre
   164 | D:4      | Noticed an orc wizard
   217 | D:3      | Found a radiant altar of Vehumet.
   227 | D:3      | Reached XP level 2. HP: 15/19 MP: 3/3
   230 | D:3      | Became a worshipper of Vehumet
   468 | D:1      | Reached skill level 3 in Short Blades
   473 | D:1      | Reached XP level 3. HP: 20/23 MP: 4/4
   997 | D:1      | Reached * piety under Vehumet
   997 | D:1      | Offered knowledge of Freeze by Vehumet.
  1260 | D:2      | Found a faded altar of an unknown god.
  1462 | D:2      | Reached skill level 4 in Short Blades
  1493 | D:2      | Reached XP level 4. HP: 21/28 MP: 5/5
  1748 | D:2      | Noticed Terence
  1809 | D:2      | Killed Terence
  1810 | D:2      | Reached skill level 5 in Short Blades
  1810 | D:2      | Gained mutation: Your magical nature lets you fly swiftly
                  | and evasively. [Tengu growth]
  1810 | D:2      | Reached XP level 5. HP: 9/32 MP: 6/6
  2021 | D:3      | Reached skill level 6 in Short Blades
  2214 | D:3      | Reached skill level 1 in Ranged Weapons
  2357 | D:3      | Reached XP level 6. HP: 37/37 MP: 7/7
  2682 | D:4      | Reached ** piety under Vehumet
  2682 | D:4      | Offered knowledge of Static Discharge by Vehumet.
  2692 | D:4      | Learned a level 2 spell: Static Discharge
  2733 | D:4      | Reached skill level 1 in Conjurations
  2733 | D:4      | Reached skill level 1 in Air Magic
  2743 | D:4      | Noticed Grinder
  2769 | D:4      | Killed Grinder
  2770 | D:4      | Reached XP level 7. HP: 37/41 MP: 8/8
  2904 | D:4      | Slain by an ogre

Illustrated notes

Levels and vault maps discovered:
D:1:      spicycebolla_green_bress_n_ham, layout_basic, corner_web_ring
D:2:      layout_basic, shapermc_ecumenical_altar_pompeii, uniq_terence
D:3:      minmay_evil_eye, layout_rooms, nicolae_overflow_crystal_walls
D:4:      gammafunk_wand_slinger, layout_basic, minmay_temple_entry_ruins,
          minmay_ruptured, uniq_grinder
D:5:      layout_basic, hangedman_abyss_or_decor_stagger

Skill      XL: |  1  2  3  4  5  6 |
---------------+-------------------+-----
Short Blades   | 3 4 5 6 |  6.1
Ranged Weapons | 1 2 |  2.8
Conjurations   | 3 |  3.4
Air Magic      | 3 |  3.4
Fighting       | |  3.1
Dodging        | |  2.4
Stealth        | |  5.1

Action                     |  1- 3 |  4- 6 |  7- 9 || total
---------------------------+-------+-------+-------++-------
  Melee: Short sword       |    93 |    93 |     9 ||   195
         Kick              |    24 |    36 |     6 ||    66
         Peck              |    13 |    14 |     1 ||    28
  Throw: Throwing net      |       |     2 |       ||     2
         Dart              |       |     6 |     6 ||    12
    Use: Scroll            |     1 |       |       ||     1
         Potion            |       |     1 |       ||     1
   Stab: Sleeping          |     9 |     5 |       ||    14
         Held in net/web   |       |     3 |       ||     3
         Invisible         |       |     4 |       ||     4
         Distracted        |       |     1 |       ||     1
 Armour: Ring mail         |    12 |    12 |       ||    24
         Robe              |     2 |       |       ||     2
  Dodge: Dodged            |    37 |    39 |     3 ||    79

Table legend: (Time is in decaauts)
 A = Elapsed time spent in this place.
 B = Non-inter-level travel time spent in this place.
 C = Inter-level travel time spent in this place.
 D = Time resting spent in this place.
 E = Time spent auto-exploring this place.
 F = Levels seen in this place.
 G = Mean time per level.
                   A        B        C        D        E       F      G
               +--------+--------+--------+--------+--------+-----+--------+
         Total |   2775 |   2668 |    107 |    111 |   1769 |   5 |  555.0 |
       Dungeon |   2775 |   2668 |    107 |    111 |   1769 |   5 |  555.0 |
               +--------+--------+--------+--------+--------+-----+--------+

Top non-repeatable levels by time:
     D:1: 964 daAuts
     D:2: 750 daAuts
     D:3: 596 daAuts
     D:4: 414 daAuts
     D:5: 50 daAuts
